 Dungeon Crawl Stone Soup version 0.30.1 (webtiles) character file.

Game seed: 6753205435919479236

522 Graphine the Sneak (level 7, 0/43 HPs)
             Began as a Kobold Brigand on July 4, 2023.
             Was an Initiate of Gozag.
             Slain by a gnoll bouda
             ... wielding a +0 whip
              (8 damage)
             ... on level 5 of the Dungeon.
             The game lasted 00:05:36 (4267 turns).

Graphine the Sneak (Kobold Brigand)                 Turns: 4267, Time: 00:05:36

Health: 0/43       AC:  5    Str:  8    XL:     7   Next: 46%
Magic:  7/7        EV: 16    Int: 12    God:    Gozag
Gold:   275        SH:  0    Dex: 19    Spells: 6/6 levels left

rFire   . . .        m - +2 short sword (elec)
rCold   . . .        (no shield)
rNeg    . . .        b - +0 robe
rPois   .            i - +0 helmet
rElec   .            c - +0 cloak
rCorr   .            l - +0 pair of gloves
SInv    .            (no boots)
Will    +....        (no amulet)
Stlth   +++++        p - ring of willpower
HPRegen 0.27/turn    (no ring)
MPRegen 0.10/turn

%: no passive effects
@: weakened, gold aura
A: small, no large weapons, nightstalker 3
a: Renounce Religion, Potion Petition, Call Merchant, Bribe Branch


You were on level 5 of the Dungeon.
You worshipped Gozag.
Gozag was aware of your devotion.
You visited 2 branches of the dungeon, and saw 6 of its levels.

You collected 322 gold pieces.
You paid 47 gold pieces to Gozag.

Inventory:

Hand Weapons
 f - a +4 dagger of protection
 m - a +2 short sword of electrocution (weapon)
Missiles
 d - 6 poisoned darts (quivered)
Armour
 b - a +0 robe (worn)
 c - a +0 cloak (worn)
 e - an orb of wrath
 i - a +0 helmet (worn)
 l - a +0 pair of gloves (worn)
 o - an orb of guile
 u - the +0 scale mail of Music {Drain rC++ Int+8 Dex-5}
   (You found it on level 3 of the Dungeon)

   Int:       It affects your intelligence (+8).
   Dex:       It affects your dexterity (-5).
   rC:        It greatly protects you from cold.
   Drain:     It drains your maximum health when unequipped.
Jewellery
 p - a ring of willpower (left hand)
Scrolls
 r - a scroll of identify
Potions
 a - 5 potions of might
 g - 2 potions of attraction
 h - a potion of heal wounds {unknown}
 j - 2 potions of berserk rage
 k - a potion of haste
 n - a potion of curing {unknown}
 q - a potion of flight {unknown}
 t - 2 potions of mutation {unknown}


   Skills:
 + Level 4.2 Fighting
 + Level 5.0 Short Blades
 + Level 4.1 Throwing
 + Level 4.0 Dodging
 + Level 7.0 Stealth


You had 6 spell levels left.
You didn't know any spells.
Your spell library contained the following spells:

 Spells                   Type           Power      Damage    Failure   Level
 Sting                    Tmut/Pois      0%         1d3       32%         1
 Poisonous Vapours        Pois/Air       0%         N/A       45%         2
 Olgreb's Toxic Radiance  Pois           0%         N/A       97%         4


Dungeon Overview and Level Annotations

Branches:
Dungeon (5/15)             Temple (1/1) D:4

Altars:
Ashenzari
Cheibriados
Gozag
Hepliaklqana
Kikubaaqudgha
Makhleb
Nemelex Xobeh
Okawaru
Ru
Sif Muna
Uskayaw
Vehumet
Wu Jian
Xom
Yredelemnul
Zin
The Shining One


Innate Abilities, Weirdness & Mutations

You are small and have problems with some larger weapons.
You are completely attuned to the shadows.


Message History

You hit the gnoll bouda.
The gnoll bouda is lightly wounded.
The gnoll bouda hits you with a +0 whip!
The gnoll misses you.
The gnoll bouda barks out a call to the hunt!
The gnolls pick up the pace!
You are too injured to fight recklessly!
The gnoll bouda gazes fiercely through you!
You feel as though you will be weak longer.
Throw: 9 darts (poison)
Press: ? - help, Shift-Dir - straight line, f - gnoll
Aim: a gnoll, wielding a +0 vampiric spear (covering ground quickly, 69% to hit)
You throw a poisoned dart. The poisoned dart hits the gnoll bouda.
The gnoll bouda is poisoned.
The gnoll bouda is lightly wounded.
Throw: 8 darts (poison)
Press: ? - help, Shift-Dir - straight line, f/p - gnoll
Aim: a gnoll, wielding a +0 vampiric spear (covering ground quickly, 69% to hit)
You throw a poisoned dart.
The poisoned dart closely misses the gnoll bouda.
The poisoned dart hits the gnoll.
The gnoll is poisoned.
The gnoll is almost dead.
Throw: 7 darts (poison)
Press: ? - help, Shift-Dir - straight line, f/p - gnoll
Aim: a gnoll, wielding a +0 vampiric spear (covering ground quickly, 69% to hit)
You throw a poisoned dart. The poisoned dart hits the gnoll bouda!
The gnoll bouda looks even sicker.
The gnoll bouda is lightly wounded.
The gnoll bouda hits you with a +0 whip!
* * * LOW HITPOINT WARNING * * *
Hit: m) +2 short sword (elec)
Press: ? - help, Dir - move target, f - gnoll bouda, p - gnoll
Aim: a gnoll bouda, wielding a +0 whip and wearing a +0 leather armour (lightly wounded, very poisoned, about 28% to evade your +2 short sword of electrocution)
You hit the gnoll bouda.
The gnoll bouda is moderately wounded.
The gnoll bouda gazes fiercely through you!
You feel as though you will be weak longer.
The gnoll bouda hits you with a +0 whip!
You die...
Your body crumbles into a pile of gold.

##.##.....###........
#...........+.<......
#.........###........
#.##..#.#.# ##......
#.##.####.# ##.....
#.##.# #.# #...
#.##.####.#
#.........#
####@###### #g# #g#
#g# #...# #.....#
#....... #.....##


You could see a gnoll bouda (very poisoned) and 2 gnolls.

Vanquished Creatures
  An ogre (D:3)
  A phantom (D:4)
  2 scorpions
  A jelly (D:4)
  An orc priest (D:4)
  An orc wizard (D:4)
  A gnoll (D:5)
  2 adders
  A shadow imp (D:5)
  A worm (D:2)
  2 dart slugs (D:1)
  23 orcs
  5 endoplasms
  5 giant cockroaches
  7 goblins
  8 hobgoblins
  10 kobolds
  5 quokkas
  8 ball pythons
  8 bats
  3 frilled lizards (D:1)
  7 rats
103 creatures vanquished.

Notes
Turn   | Place    | Note
-------+----------+-------------------------------------------
     0 | D:1      | Graphine the Kobold Brigand began the quest for the Orb.
     0 | D:1      | Reached XP level 1. HP: 12/12 MP: 1/1
   124 | D:1      | Reached XP level 2. HP: 14/18 MP: 2/2
   425 | D:1      | Reached XP level 3. HP: 22/22 MP: 3/3
  1067 | D:2      | Found a faded altar of an unknown god.
  1319 | D:2      | Reached XP level 4. HP: 27/27 MP: 4/4
  1820 | D:3      | Noticed an ogre
  1825 | D:3      | Killed an ogre
  1826 | D:3      | Reached skill level 6 in Stealth
  1826 | D:3      | Reached XP level 5. HP: 32/32 MP: 5/5
  2189 | D:3      | Identified the +0 scale mail of Music {Drain rC++ Int+8
                  | Dex-5}
  2383 | D:3      | Found a glowing golden altar of the Shining One.
  2509 | D:4      | Reached XP level 6. HP: 37/37 MP: 6/6
  2865 | D:4      | Found a sacrificial altar of Ru.
  2920 | D:4      | Found a basalt altar of Yredelemnul.
  2941 | D:4      | Reached XP level 7. HP: 42/42 MP: 7/7
  3202 | D:4      | Found a staircase to the Ecumenical Temple.
  3211 | Temple   | Entered the Ecumenical Temple
  3306 | Temple   | Became a worshipper of Gozag Ym Sagoz the Greedy
  4005 | D:5      | Entered Level 5 of the Dungeon
  4039 | D:5      | Reached skill level 5 in Short Blades
  4039 | D:5      | Reached skill level 7 in Stealth
  4267 | D:5      | Slain by a gnoll bouda

Illustrated notes

Levels and vault maps discovered:
D:1:      tarquinn_simple_flora_water_b, layout_loops_ring
D:2:      layout_basic, nicolae_ecumenical_snake_handling
D:3:      layout_basic, tso_oasis_becter, minmay_diced_spiral
D:4:      layout_loops_corners, nicolae_ru_path_of_blood,
          yredelemnul_altar_generic, minmay_temple_entry_mini_moons
D:5:      layout_loops_corners, nicolae_qazlal_style_of_elements,
          gammafunk_ghost_nasty_kobolds
Temple:   eino_narrow_crystal_temple

Skill      XL: |  1  2  3  4  5  6  7 |
---------------+----------------------+-----
Short Blades   | 3 4 5 |  5.0
Dodging        | 2 3 4 |  4.0
Fighting       | 3 4 |  4.2
Throwing       | 3 4 |  4.1
Stealth        | 6 7 |  7.0

Action                     |  1- 3 |  4- 6 |  7- 9 || total
---------------------------+-------+-------+-------++-------
  Melee: Dagger            |    61 |   103 |    40 ||   204
         Punch             |     1 |     1 |     1 ||     3
         Short sword       |       |       |    26 ||    26
  Throw: Dart              |       |     4 |     5 ||     9
    Use: Scroll            |     5 |    10 |       ||    15
   Stab: Sleeping          |    21 |    14 |    17 ||    52
         Distracted        |       |     1 |       ||     1
 Armour: Robe              |     7 |    30 |     7 ||    44
  Dodge: Dodged            |    20 |    79 |    24 ||   123
